[Event "Romanian Women Championship 2024"]
[Site "Eforie Nord"]
[Date "2024.02.24"]
[Round "1.1"]
[White "Schiopu, Oana-Magdalena"]
[Black "Peptan, Corina-Isabela"]
[Result "1-0"]
[ECO "B23"]
[WhiteElo "1750"]
[BlackElo "2314"]
[Annotator "TA"]
[PlyCount "79"]
[EventDate "2024.02.24"]
[EventType "swiss"]
[EventCountry "ROU"]
[SourceTitle "playchess.com"]
[Source "ChessBase"]
[SourceQuality "1"]
[TimeControl "40/5400+30:900+30"]

1. e4 c5 2. Nc3 Nc6 3. Bb5 g6 4. f4 Bg7 5. Nf3 d6 6. O-O Bd7 7. Kh1 e6 8. Ne2 Nge7 9. c3 O-O {[%emt 0:01:35] Die Stellung ist ausgeglichen.} 10. d4 cxd4 11. cxd4 (11. Nexd4 $11 a5 12. Qe2) 11... d5 $15 12. e5 {[%emt 0:02:32] [#]} (12. Bxc6 $15 Bxc6 13. e5) 12... Nxe5 $1 $17 13. fxe5 (13. dxe5 Bxb5) 13... Bxb5 14. Bg5 f6 (14... h6 $142 15. Bc1 Qb6) 15. exf6 Bxf6 16. Bh6 Bg7 (16... Rf7 $17 {...Nf5 ist eine echte Drohung.} 17. Ng5 Bxg5 18. Bxg5 Rxf1+ 19. Qxf1 h6) 17. Bxg7 $15 Kxg7 18. Ng5 (18. Re1 $11) 18... Qd6 $17 19. a4 Bd7 (19... Rxf1+ 20. Qxf1 Rf8 21. Qe1 $15) (19... Ba6 $17 20. Re1 Rae8) 20. Ng3 (20. Qb3 $15) 20... Rxf1+ 21. Qxf1 {[%emt 0:00:24][%cal Og3h5] jetzt Nh5+! und aus.} Rf8 22. Qe2 Nc6 23. Nf3 Qb4 24. h4 (24. Qd3 $17) 24... Qd6 (24... Nxd4 $2 25. Qe5+ Kg8 26. Nxd4 $18) ({Günstiger ist} 24... Qe7 $19 {[%cal Oe6e5] Droht ...e5! und aus.} 25. Rd1 e5 26. Nxe5 Nxe5 (26... Qxh4+ $2 27. Kg1 $19) 27. Qxe5+ Qxe5 28. dxe5 Bxa4) 25. Nf1 Rf4 26. g3 (26. Qd2 $17 {war angesagt.}) 26... Rf6 (26... Nxd4 27. Qe5+ Qxe5 28. Nxe5 $17) (26... Re4 $19 27. Qf2 Qf8) 27. Kg2 Qb4 {[%emt 0:02:24][%cal Of6f3] Und jetzt ...Rxf3! wäre schön.} 28. Qd2 Qf8 (28... Rf8 $17 29. Qxb4 Nxb4) 29. N1h2 $11 Rf5 30. Rf1 Qb4 31. Qe3 {[%emt 0:01:21] [#]} (31. Qxb4 $15 Nxb4 32. Rc1 Bxa4 33. Ra1) 31... Qxb2+ (31... e5 $142 $1 {[%cal Re5e4] ...e4 wäre nun fies.} 32. dxe5 Nxe5 (32... Qxb2+ 33. Rf2 $19) (32... Qxa4 33. g4 $15) 33. Qxa7 Nc6 (33... Qxa4 34. Qxb7 Qe4 35. Kg1 $11) (33... Qxb2+ 34. Rf2 $17)) 32. Rf2 $17 Qb1 (32... Qb4 $17 33. Ng4 e5 (33... Qxa4 $2 34. Qh6+ Kf7 35. Ne3 $18) 34. Ngxe5 Nxe5 35. Nxe5 Rxf2+ (35... Bxa4 36. Rxf5 gxf5 37. Qg5+ Kf8 38. Qxf5+ Ke7 39. Qxh7+ Kd6 40. Qg6+ Kc7 41. Qf7+ Kb6 42. Qxd5 $16) (35... Qxa4 36. Rb2 $11) 36. Qxf2 Be6 (36... Qxa4 $2 37. Qf7+ Kh6 38. Qf8+ Kh5 39. Qf3+ Kh6 40. g4 $18)) 33. Re2 (33. g4 $1 $15 Rf6 34. Ng5) 33... Qb4 (33... Rf8 $142 {Zielt auf ...Qf5 ab.} 34. Qa3 Bc8) 34. Ng4 Qf8 {[%emt 0:00:02][%cal Of5f3] Droht stark ...Rxf3!} ({Nicht} 34... Qxa4 35. Qh6+ Kf7 36. Qxh7+ Ke8 37. Qg8+ (37. Qxg6+ Kd8 $16) 37... Ke7 38. Nfe5 (38. Qxg6 $2 {verliert.} Rxf3 39. Kxf3 Nxd4+ 40. Kf2 Nxe2 $19) 38... Nxd4 39. Rb2 $16 (39. Nxg6+ Kd6 $17)) 35. Rf2 Qe7 36. Rc2 Rf8 ({Besser ist} 36... a5 $17) 37. Nfe5 $11 {[%emt 0:01:16] Und Nxc6 würde nun gewinnen.} Nxe5 (37... Kg8 $11) 38. Qxe5+ {[%emt 0:00:20] Weiß setzt Matt.} Kf7 39. Rf2+ Ke8 40. Qb8+ {[%emt 0:00:00] Weiß hat die Chance genutzt.   Gewichteter Fehlerwert: Weiß=0.26 (präzise) /Schwarz=0.47.  Verlustzug:     	---       	Schwarz=1     Fehler:       	Weiß=8     	Schwarz=10    Ungenau:       	Weiß=2     	Schwarz=1     OK:         	Weiß=9     	Schwarz=9     Bester:       	Weiß=3     	Schwarz=1     Brilliant:      	---       	Schwarz=1} 1-0

[Event "Romanian Women Championship 2024"]
[Site "Eforie Nord"]
[Date "2024.02.24"]
[Round "1.2"]
[White "Sandu, Mihaela"]
[Black "Hoanca, Alexia-Ioana"]
[Result "1-0"]
[ECO "B12"]
[WhiteElo "2265"]
[BlackElo "1748"]
[Annotator "RC"]
[PlyCount "67"]
[EventDate "2024.02.24"]
[EventType "swiss"]
[EventCountry "ROU"]
[SourceTitle "playchess.com"]
[Source "ChessBase"]
[SourceQuality "1"]
[TimeControl "40/5400+30:900+30"]

1. e4 c6 2. d4 d5 3. e5 Bf5 4. h4 h6 5. g4 Be4 6. f3 Bh7 7. e6 Nf6 8. Ne2 fxe6 9. Nf4 Qd6 10. Qe2 Kf7 11. g5 Nfd7 12. g6+ Bxg6 13. h5 Bf5 14. Bh3 c5 15. dxc5 Nxc5 16. Nc3 Bxh3 17. Rxh3 Nbd7 18. Ng6 Rg8 19. Bf4 e5 20. Bxe5 Qe6 21. Rh1 Rd8 22. O-O-O Nf6 23. Qf2 Ncd7 24. Bd4 Qf5 25. Bxf6 Nxf6 26. Rde1 Nxh5 27. Ne5+ Ke8 28. Qxa7 e6 29. Qxb7 Bd6 30. Nc6 Qg5+ 31. Kb1 Nf4 32. Rhg1 Qf6 33. Nxd8 Kxd8 34. Qa8+ 1-0

[Event "Romanian Women Championship 2024"]
[Site "Eforie Nord"]
[Date "2024.02.24"]
[Round "1.3"]
[White "Aldea, Maria-Antonia"]
[Black "Cosma, Elena-Luminita"]
[Result "1/2-1/2"]
[ECO "A46"]
[WhiteElo "1726"]
[BlackElo "2236"]
[Annotator "TA"]
[PlyCount "83"]
[EventDate "2024.02.24"]
[EventType "swiss"]
[EventCountry "ROU"]
[SourceTitle "playchess.com"]
[Source "ChessBase"]
[SourceQuality "1"]
[TimeControl "40/5400+30:900+30"]

1. Nf3 d5 2. g3 Nf6 3. Bg2 e6 4. d4 b5 5. a4 b4 {[%emt 0:00:05] [#]} 6. c4 $1 bxc3 7. Nxc3 a5 8. Bf4 Bd6 9. Rc1 O-O 10. O-O Bxf4 11. gxf4 Ba6 12. Re1 c6 13. Ne5 Qb6 14. Rc2 Ra7 15. Kh1 Rc7 16. e3 c5 17. dxc5 Rxc5 18. Rg1 (18. e4 $15) 18... Rcc8 ({Günstiger ist} 18... Nc6 $17 19. Nxc6 Rxc6 (19... Qxc6 20. f5 $17)) 19. Rd2 $15 Rcd8 20. Bf3 (20. e4 $15) 20... g6 21. h4 {[%emt 0:02:26] [#]} d4 22. exd4 (22. Rxd4 $14 Rxd4 23. Qxd4 Qxd4 24. exd4) 22... Bb7 $11 23. Bxb7 Qxb7+ 24. Kh2 (24. Qf3 {vereinfacht} Qxf3+ 25. Nxf3 Nh5 26. Rgd1) 24... Kh8 {[%emt 0:01:43][%mdl 1024] Schwarz hat Kompensation.} 25. Qe2 Nh5 26. Qe3 Qe7 27. Kh3 (27. Nf3 $11) 27... Qf6 (27... f6 {vereinfacht} 28. Nd3 Nc6 29. d5 exd5 30. Qxe7 Nxe7 31. Ne2 Rc8) 28. Ne2 {[%emt 0:02:16] Aktives Gegenspiel!} Nd7 29. Nxd7 Rxd7 30. Rg5 (30. Qe5 {vereinfacht} Qxe5 31. fxe5 Rb8 32. Rb1) 30... Qd8 31. Qc3 Rd5 32. Rxd5 Qxd5 33. Kh2 {[%emt 0:00:01] Es drohte Qh1+} Kg8 34. Qe3 Qd8 35. Kh3 Qd7 36. b3 e5+ 37. Kh2 exf4 38. Qf3 {[%emt 0:01:48] Die Stellung ist ausgeglichen.} Qe7 39. Kh3 Qe6+ 40. Kg2 Qf6 41. Kh3 Qf5+ 42. Kg2 {[%emt 0:03:51] Gewichteter Fehlerwert: Weiß=0.14 (sehr präzise) /Schwarz=0.17 (sehr präzise) .  Fehler:       	Weiß=4     	Schwarz=2     Ungenau:       	Weiß=3     	Schwarz=4     OK:         	Weiß=13    	Schwarz=11    Bester:       	Weiß=1     	---} 1/2-1/2

[Event "Romanian Women Championship 2024"]
[Site "Eforie Nord"]
[Date "2024.02.24"]
[Round "1.4"]
[White "Lehaci, Miruna-Daria"]
[Black "Sariteanu, Sabina"]
[Result "1-0"]
[ECO "B80"]
[WhiteElo "2227"]
[BlackElo "1700"]
[Annotator "TA"]
[PlyCount "71"]
[EventDate "2024.02.24"]
[EventType "swiss"]
[EventCountry "ROU"]
[SourceTitle "playchess.com"]
[Source "ChessBase"]
[SourceQuality "1"]
[TimeControl "40/5400+30:900+30"]

1. e4 c5 2. Nf3 d6 3. d4 cxd4 4. Nxd4 Nf6 5. Nc3 a6 6. Be3 Nc6 7. f3 e6 8. Qd2 Bd7 9. g4 {[%emt 0:02:14][%cal Bg2g4,Bg4g5][%mdl 32] White is more active.} b5 10. g5 Nh5 11. Nxc6 Bxc6 {[%emt 0:00:08] White is better.} 12. Ne2 Be7 {[%emt 0:07:48] [#]} (12... Bb7 $14) 13. O-O-O $1 $16 b4 14. Kb1 O-O 15. Ng3 (15. Qxb4 d5 16. Bc5 Bxc5 17. Qxc5 Bb7 $16) 15... g6 16. Nxh5 gxh5 17. Rg1 d5 18. e5 (18. Bd4 $18 {has better winning chances.}) 18... d4 19. Bxd4 {[%emt 0:00:35][%cal Of1d3] Black must now prevent Bd3!} (19. Qxd4 Bc5 20. Qxc5 (20. Qxd8 $2 Raxd8 $19) 20... Qxd1+ 21. Bc1 Qd5 (21... Qxf3 22. Bg2 $14) (21... Bxf3 $2 22. Bd3 $18) 22. Qxd5 Bxd5 $17) 19... Bxf3 {[%emt 0:00:08] [#]} 20. Be2 (20. Bd3 $1 $16 Kg7 (20... Qxd4 $2 21. Bxh7+ Kxh7 22. Qxd4 $18) (20... Bxd1 $2 21. Qxd1 Kg7 22. Qxh5 $18) 21. Be3 (21. Be2 Be4 $11)) 20... Qd5 21. Rg3 (21. Qe3 $11 Be4 22. Bxh5) 21... Be4 $1 $15 22. Qe3 (22. Bxh5 Rac8 23. Rc1 Rfd8 $19 (23... Rc4 24. Be3 $17)) 22... Rfd8 {[%emt 0:02:40] aiming for ...Rac8.} (22... Rac8 $5 23. Bd3 Bg6 $17) 23. Bf3 (23. Bxh5 $2 Rac8 24. Ka1 Bxc2 $19 (24... Rxc2 25. Rgg1 $17)) 23... Bxf3 24. Rxf3 Bc5 25. Qf4 $36 {[%emt 0:01:21][%mdl 2048] White has good play.} Bxd4 $4 (25... Qb7 $11 {and Black has nothing to worry.} 26. Rfd3 Bxd4 27. Rxd4 Rxd4 28. Qxd4 Qf3) 26. Qxf7+ $18 Kh8 27. Qf6+ Kg8 28. Qf7+ ({Don't blunder} 28. Rf4 $2 Qxe5 29. a3 (29. Rfxd4 $2 Rxd4 30. Rf1 Qxf6 $19) 29... Rf8 (29... Qxf6 $2 30. gxf6 e5 31. Rf5 $19) 30. Qxe5 Bxe5 $19) (28. g6 $18 {White wants to mate with Qf7+.} Rd7 29. Rf4 Qxe5 30. gxh7+ Kxh7 (30... Rxh7 $2 31. Rg1+ Bxg1 32. Qxe5 $18) 31. Qxe5 (31. Rdxd4 $2 Qe1+) 31... Bxe5 32. Rxd7+ Kg6 33. Rxb4 Bxh2 34. Rb6) 28... Kh8 $11 29. Qf6+ (29. g6 $11 hxg6 30. Qf6+ Kh7 31. Qf7+ Kh6 32. Qf4+ Kg7 33. Qf7+ Kh8 34. Qf6+ Kh7 35. Qf7+ Kh6 36. Qf4+ Kh7 37. Qf7+) 29... Kg8 $18 {[%emt 0:00:18] ...Rf8 is the strong threat.} 30. g6 ({Not} 30. Rf4 $2 Qxe5 31. a3 (31. Rfxd4 $2 Rxd4 32. Rf1 Qxf6 $19) 31... b3 (31... Qxf6 $2 32. gxf6 e5 33. Rf5 $19) (31... Rf8 $2 32. Qxe5 Bxe5 33. Rxb4 $19) 32. cxb3 Qxf6 33. gxf6 Bxf6 34. Rxd8+ Bxd8 $19) 30... Rf8 {[%emt 0:04:38] Dodges Qf7+} (30... Rd7) 31. gxh7+ {[%emt 0:00:31] White is clearly winning.} Kxh7 32. Qe7+ (32. Qxf8 $2 {is the wrong capture.} Rxf8 33. Rxf8 Qxe5 34. Rf7+ Kh8 $19) 32... Kh8 33. Rxf8+ Rxf8 34. Qxf8+ Kh7 35. Rf1 Qxe5 36. Rf7+ {[%emt 0:00:07] Weighted Error Value: White=0.28 (precise) /Black=0.54.  Loses game:     	---       	Black=3      Missed win:     	White=1     	---        Mistake:       	White=4     	Black=3      Inaccurate:     	---       	Black=3      OK:         	White=8     	Black=3      Best:        	White=3     	Black=2      Strong:       	White=1     	Black=1} 1-0

[Event "Romanian Women Championship 2024"]
[Site "Eforie Nord"]
[Date "2024.02.24"]
[Round "1.5"]
[White "Chicarosie, Ioana-Bianca"]
[Black "Ciolacu, Alessia-Mihaela"]
[Result "1/2-1/2"]
[ECO "D00"]
[WhiteElo "1705"]
[BlackElo "2175"]
[Annotator "RC"]
[PlyCount "84"]
[EventDate "2024.02.24"]
[EventType "swiss"]
[EventCountry "ROU"]
[SourceTitle "playchess.com"]
[Source "ChessBase"]
[SourceQuality "1"]
[TimeControl "40/5400+30:900+30"]

1. d4 Nf6 2. Bg5 d5 3. Bxf6 gxf6 4. e3 c5 5. c3 Qb6 6. Qb3 Nc6 7. Nd2 e6 8. Ngf3 Qc7 9. g3 c4 10. Qc2 f5 11. b3 b5 12. a4 cxb3 13. Qxb3 bxa4 14. Qxa4 Bd7 15. Bb5 a6 16. Qa2 Bd6 17. O-O Ke7 18. Ba4 h5 19. Nh4 Rhg8 20. f4 Qa7 21. Kf2 Rg4 22. Bd1 a5 23. Bxg4 hxg4 24. h3 gxh3 25. Rh1 a4 26. Nhf3 Qa5 27. Qc2 Na7 28. Ne5 Be8 29. Rhb1 Rc8 30. Rb7+ Kf8 31. Nd7+ Bxd7 32. Rxd7 Rxc3 33. Qxa4 Qxa4 34. Rxa4 Nb5 35. Ra8+ Kg7 36. Ra5 Rc2 37. Rxb5 Rxd2+ 38. Kg1 Ba3 39. Rbb7 Rg2+ 40. Kh1 Rxg3 41. Rxf7+ Kg8 42. Rfc7 Bf8 1/2-1/2

[Event "Romanian Women Championship 2024"]
[Site "Eforie Nord"]
[Date "2024.02.24"]
[Round "1.6"]
[White "Cosman, Andreea-Marioara"]
[Black "Bira, Andrada-Paraschiva"]
[Result "1/2-1/2"]
[ECO "D30"]
[WhiteElo "2108"]
[BlackElo "1590"]
[Annotator "ChessBase"]
[PlyCount "139"]
[EventDate "2024.02.24"]
[EventType "swiss"]
[EventCountry "ROU"]
[SourceTitle "playchess.com"]
[Source "ChessBase"]
[SourceQuality "1"]
[TimeControl "40/5400+30:900+30"]

1. Nf3 Nf6 2. d4 e6 3. c4 d5 4. e3 Be7 5. Nbd2 Nbd7 6. b3 c5 7. Bb2 O-O 8. Be2 b6 9. cxd5 Nxd5 10. O-O Bb7 11. a3 Rc8 12. dxc5 Nxc5 13. b4 Nd7 14. Nc4 Bf6 15. Bd4 Qe7 16. Rc1 Rfd8 17. Qb3 Bxd4 18. Nxd4 N7f6 19. Rfd1 h6 20. f3 Ne8 21. f4 Qf6 22. Bf3 Ba8 23. Ne5 Rxc1 24. Rxc1 Ne7 25. Bxa8 Rxa8 26. Ndc6 Nxc6 27. Rxc6 Rd8 28. Qc2 Qe7 29. h3 Qb7 30. b5 Qe7 31. Rc8 Qd6 32. Rxd8 Qxd8 33. Qc6 Nd6 34. a4 Kf8 35. Kh2 Ke7 36. Qc3 Kf8 37. Qb4 Kg8 38. Nc6 Qd7 39. e4 Nc8 40. Qc3 Qc7 41. Qd2 Ne7 42. Qd8+ Qxd8 43. Nxd8 Kf8 44. Kg3 Ke8 45. Nb7 Kd7 46. a5 Kc7 47. a6 Nc8 48. e5 Kd7 49. Kf3 Kc7 50. g4 Kd7 51. h4 Kc7 52. Ke4 Kd7 53. f5 Kc7 54. Kf4 Kd7 55. fxe6+ fxe6 56. g5 Ne7 57. gxh6 gxh6 58. Kg4 Ng6 59. Kh5 Nxe5 60. Kxh6 Ke7 61. Kg7 Ng4 62. h5 e5 63. h6 Nxh6 64. Kxh6 e4 65. Nc5 e3 66. Nd3 Kd6 67. Kg5 e2 68. Kf4 e1=Q 69. Nxe1 Kc5 70. Ke3 1/2-1/2

[Event "Romanian Women Championship 2024"]
[Site "Eforie Nord"]
[Date "2024.02.24"]
[Round "1.7"]
[White "Sunea, Sara Maria"]
[Black "Pirvulescu, Ekaterina"]
[Result "0-1"]
[ECO "B22"]
[WhiteElo "1561"]
[BlackElo "2091"]
[Annotator "NA RC"]
[PlyCount "90"]
[EventDate "2024.02.24"]
[EventType "swiss"]
[EventCountry "ROU"]
[SourceTitle "playchess.com"]
[Source "ChessBase"]
[SourceQuality "1"]
[TimeControl "40/5400+30:900+30"]

1. e4 c5 2. c3 d5 3. exd5 Qxd5 4. d4 e6 5. Nf3 Nf6 6. Bd3 Be7 7. Be3 O-O 8. O-O Rd8 9. Nbd2 Nbd7 10. c4 Qh5 11. Be2 Ng4 12. h3 Nxe3 13. fxe3 Qh6 14. Qb3 Nf6 15. Rad1 Bd7 16. Ne5 Be8 17. Bf3 cxd4 18. exd4 Rxd4 19. Bxb7 Rad8 20. Ndf3 Rxd1 21. Rxd1 Rxd1+ 22. Qxd1 Qe3+ 23. Kh1 Qb6 24. Qb3 Qc7 25. Ba8 Bd6 26. Qc3 a5 27. Nd3 Nd7 28. Nd4 Nc5 29. Nxc5 Qxc5 30. Nb3 Qf2 31. Qc1 Bf4 32. Qb1 a4 33. Na5 Qg3 34. Qg1 Be3 35. Qf1 Qc7 36. b4 Bb6 37. Qe1 Bxa5 38. bxa5 Qxc4 39. Qd2 Qc8 40. Bf3 Bb5 41. Bb7 Qb8 42. a6 h6 43. a7 Qxa7 44. Be4 Qd7 45. Qa5 f5 0-1

[Event "Romanian Women Championship 2024"]
[Site "Eforie Nord"]
[Date "2024.02.24"]
[Round "1.8"]
[White "Trifoi, Mihaela-Ioana"]
[Black "Petculescu, Diana-Silvana"]
[Result "1-0"]
[ECO "B51"]
[WhiteElo "2003"]
[BlackElo "1556"]
[Annotator "NA"]
[PlyCount "59"]
[EventDate "2024.02.24"]
[EventType "swiss"]
[EventCountry "ROU"]
[SourceTitle "playchess.com"]
[Source "ChessBase"]
[SourceQuality "1"]
[TimeControl "40/5400+30:900+30"]

1. e4 c5 2. Nf3 d6 3. Bb5+ Nd7 4. c3 a6 5. Bxd7+ Bxd7 6. d4 Qc7 7. O-O e6 8. Re1 O-O-O 9. Bf4 h6 10. b4 g5 11. Bg3 f5 12. exf5 exf5 13. h4 f4 14. Bh2 Be7 15. bxc5 g4 16. cxd6 Qxd6 17. Ne5 Rf8 18. Nd2 Bxh4 19. Ndc4 Qf6 20. Nxd7 Kxd7 21. Qxg4+ Kc7 22. Re6 Qg5 23. Qf3 Ne7 24. Rb1 Nc6 25. Rxb7+ Kxb7 26. Qxc6+ Kb8 27. Qb6+ Kc8 28. Rc6+ Kd7 29. Qc7+ Ke8 30. Nd6# 1-0

[Event "Romanian Women Championship 2024"]
[Site "Eforie Nord"]
[Date "2024.02.24"]
[Round "1.9"]
[White "Ciocirlan, Bianca-Alexandra"]
[Black "Obada, Ema"]
[Result "0-1"]
[ECO "B15"]
[WhiteElo "1542"]
[BlackElo "1969"]
[Annotator "NA RC"]
[PlyCount "72"]
[EventDate "2024.02.24"]
[EventType "swiss"]
[EventCountry "ROU"]
[SourceTitle "playchess.com"]
[Source "ChessBase"]
[SourceQuality "1"]
[TimeControl "40/5400+30:900+30"]

1. e4 c6 2. d4 d5 3. Nc3 dxe4 4. Nxe4 Nf6 5. Nxf6+ exf6 6. Be3 Bd6 7. Bd3 O-O 8. Nf3 Re8 9. O-O Nd7 10. c3 Nf8 11. Qc2 Qc7 12. c4 Bg4 13. c5 Bf4 14. Bxf4 Qxf4 15. Qd2 Qc7 16. Nh4 Rad8 17. h3 Be6 18. Rfd1 g6 19. Nf3 Rd7 20. b3 Red8 21. Rac1 Bd5 22. Ne1 Ne6 23. Nc2 Nf4 24. Ne3 Bxg2 25. Nxg2 Nxh3+ 26. Kh1 Rxd4 27. Ne1 Rg4 28. Ng2 Rxd3 29. Qe2 Rgd4 30. Rxd3 Rxd3 31. Rf1 Qd7 32. Kh2 Ng5 33. Nf4 Rd4 34. Qe3 Rxf4 35. Qxf4 Qh3+ 36. Kg1 Nf3+ 0-1

[Event "Romanian Women Championship 2024"]
[Site "Eforie Nord"]
[Date "2024.02.24"]
[Round "1.10"]
[White "Stanciu, Andreea-Briana"]
[Black "Badica, Ariana"]
[Result "1-0"]
[ECO "D02"]
[WhiteElo "1960"]
[BlackElo "1494"]
[Annotator "NA"]
[PlyCount "69"]
[EventDate "2024.02.24"]
[EventType "swiss"]
[EventCountry "ROU"]
[SourceTitle "playchess.com"]
[Source "ChessBase"]
[SourceQuality "1"]
[TimeControl "40/5400+30:900+30"]

1. d4 Nf6 2. Nf3 d5 3. Bf4 e6 4. e3 c5 5. c3 Nc6 6. Bd3 Bd6 7. Bg3 O-O 8. Nbd2 Qc7 9. dxc5 Bxg3 10. hxg3 e5 11. e4 Rd8 12. exd5 Rxd5 13. Qc2 h6 14. b4 a5 15. Ne4 Nxe4 16. Bxe4 Rd8 17. O-O Be6 18. a4 Bd5 19. Rfd1 Bxe4 20. Rxd8+ Rxd8 21. Qxe4 axb4 22. cxb4 Nd4 23. Nxe5 f5 24. Qe3 Nc2 25. Qb3+ Kh7 26. Qxc2 Qxe5 27. Rc1 Rd4 28. b5 Qd5 29. c6 Rd2 30. Qc4 Rd1+ 31. Kh2 Qxc4 32. Rxc4 bxc6 33. bxc6 Rd8 34. c7 Rc8 35. a5 1-0

[Event "Romanian Women Championship 2024"]
[Site "Eforie Nord"]
[Date "2024.02.24"]
[Round "1.11"]
[White "Vorniceanu, Alina"]
[Black "Maria, Lia-Alexandra"]
[Result "1-0"]
[ECO "D02"]
[WhiteElo "1476"]
[BlackElo "1937"]
[Annotator "NA RC"]
[PlyCount "65"]
[EventDate "2024.02.24"]
[EventType "swiss"]
[EventCountry "ROU"]
[SourceTitle "playchess.com"]
[Source "ChessBase"]
[SourceQuality "1"]
[TimeControl "40/5400+30:900+30"]

1. d4 Nf6 2. Bf4 d5 3. e3 e6 4. Nd2 Bd6 5. Bg3 O-O 6. Ngf3 c5 7. c3 Qc7 8. Bd3 Nbd7 9. O-O c4 10. Bc2 b5 11. Bxd6 Qxd6 12. e4 dxe4 13. Nxe4 Nxe4 14. Bxe4 Rb8 15. a3 Nf6 16. Re1 a5 17. Nd2 Ba6 18. Re3 Rfc8 19. Rg3 e5 20. dxe5 Qxe5 21. Re3 Qf4 22. g3 Qd6 23. Nf3 Qc7 24. Nd4 Re8 25. Qe2 Nxe4 26. Rxe4 Rxe4 27. Qxe4 Bb7 28. Qe3 h6 29. Re1 Qd7 30. Qe5 Bd5 31. Qxb8+ Kh7 32. Qe5 Qb7 33. f3 1-0

[Event "Romanian Women Championship 2024"]
[Site "Eforie Nord"]
[Date "2024.02.24"]
[Round "1.12"]
[White "Sava, Ana-Maria"]
[Black "Kiss, Hanna"]
[Result "1/2-1/2"]
[ECO "C22"]
[WhiteElo "1916"]
[BlackElo "1446"]
[Annotator "NA"]
[PlyCount "67"]
[EventDate "2024.02.24"]
[EventType "swiss"]
[EventCountry "ROU"]
[SourceTitle "playchess.com"]
[Source "ChessBase"]
[SourceQuality "1"]
[TimeControl "40/5400+30:900+30"]

1. e4 e5 2. d4 exd4 3. Qxd4 Nc6 4. Qe3 Nf6 5. Nc3 Bb4 6. Bd2 O-O 7. O-O-O d6 8. f4 Re8 9. Bd3 d5 10. Qe2 Bg4 11. Nf3 dxe4 12. Nxe4 Nxe4 13. Bxe4 Qe7 14. Rhe1 Bxd2+ 15. Qxd2 Qf6 16. Bxc6 Qxc6 17. Ne5 Rxe5 18. Rxe5 Bxd1 19. Kxd1 Re8 20. Rxe8+ Qxe8 21. Qd4 b6 22. Kd2 h6 23. g4 Qc6 24. Qd8+ Kh7 25. Qd3+ Kg8 26. a3 Qf6 27. Qe4 Qxb2 28. Qe8+ Kh7 29. Qxf7 Qd4+ 30. Kc1 Qa1+ 31. Kd2 Qd4+ 32. Kc1 Qa1+ 33. Kd2 Qd4+ 34. Kc1 1/2-1/2

[Event "Romanian Women Championship 2024"]
[Site "Eforie Nord"]
[Date "2024.02.25"]
[Round "2.1"]
[White "Paraschiv, Petronela-Alexandra"]
[Black "Sandu, Mihaela"]
[Result "0-1"]
[ECO "D02"]
[WhiteElo "1875"]
[BlackElo "2265"]
[Annotator "TA"]
[PlyCount "50"]
[EventDate "2024.02.24"]
[EventType "swiss"]
[EventCountry "ROU"]
[SourceTitle "playchess.com"]
[Source "ChessBase"]
[SourceQuality "1"]
[TimeControl "40/5400+30:900+30"]

1. d4 Nf6 2. Nf3 e6 3. Bf4 d5 4. e3 Bd6 5. Bg3 O-O 6. Bd3 c5 7. c3 Qc7 8. dxc5 Qxc5 9. Nbd2 {[%emt 0:01:18] Die Stellung ist ausgeglichen.} Nbd7 10. e4 Bxg3 11. hxg3 {[%emt 0:00:13] Droht stark e5.} g6 12. Qe2 Qc7 13. O-O-O b5 14. e5 Ng4 15. Ng5 h5 (15... Ngxe5 16. Nxh7 (16. Rxh7 b4 $11) 16... b4 17. Nxf8 Kxf8 18. c4 $18) 16. f4 {[%emt 0:05:44][%cal Og5f7] Droht Nxf7! und aus.} Nc5 $1 {[%emt 0:00:20][%cal Ob5b4] ...b4! ist eine echte Drohung.} 17. Bc2 {[%emt 0:00:36] [#]} (17. Nb3 $15) 17... Rb8 $2 (17... b4 $1 $17 {[%cal Rb4c3] Und jetzt ...bxc3 wäre schön.} 18. Qf3 (18. cxb4 $2 Ba6 $19) 18... Ba6) 18. Rh4 (18. Nh7 $5 Rd8 19. Rxh5 gxh5 20. Rh1 $11) 18... b4 19. Rdh1 $2 (19. Qxg4 $11 bxc3 (19... hxg4 20. Rdh1) 20. Nh7) 19... bxc3 $19 {[%emt 0:01:58] Weiss muss nun ...Ba6 beachten.} 20. Qxg4 Nd3+ (20... cxd2+ 21. Kd1 f5 (21... hxg4 22. Rh8+ Kg7 23. R1h7#) (21... Rxb2 22. Rxh5) 22. exf6 $11) (20... Rxb2 $2 21. Rxh5 $18) (20... cxb2+ 21. Kb1 f6 (21... hxg4 22. Rh8+ Kg7 23. R1h7#) 22. Ngf3 $18) 21. Bxd3 cxd2+ (21... hxg4 22. Rh8+ Kg7 23. R1h7#) 22. Kb1 Qc3 {[%emt 0:00:37][%csl Gb8][%cal Rc3b2] Schwarz setzt Matt.} ({Minderwertig wäre} 22... hxg4 23. Rh8+ Kg7 24. R1h7#) 23. b3 Qxd3+ (23... hxg4 24. Rh8+ Kg7 25. R1h7#) 24. Kb2 Qd4+ ({Schlechter ist} 24... hxg4 25. Rh8+ Kg7 26. R1h7#) 25. Kc2 Ba6 {[%emt 0:00:44] Gewichteter Fehlerwert: Weiß=1.25/Schwarz=0.12 (sehr präzise) .  Verlustzug:     	Weiß=1     	---        Fehler:       	Weiß=1     	Schwarz=1     Ungenau:       	Weiß=2     	---        OK:         	Weiß=2     	Schwarz=4     Bester:       	---       	Schwarz=2     Stark:        	---       	Schwarz=1} ({Schwächer ist} 25... hxg4 26. Rh8+ Kg7 27. R1h7#) 0-1